 Dungeon Crawl Stone Soup version 0.19.0-20-gbc5f0c6 (webtiles) character file.

19108 Jerry the Grappler (level 12, -1/184 HPs)
             Began as a Troll Monk on Nov 18, 2016.
             Slain by a death yak (11 damage)
             ... on level 3 of the Lair of Beasts.
             The game lasted 00:26:55 (10743 turns).

Jerry the Grappler (Troll Monk)                    Turns: 10743, Time: 00:26:55

Health: -1/184     AC: 30    Str: 22      XL:     12   Next: 33%
Magic:  11/11      EV:  1    Int:  6      God:
Gold:   961        SH:  0    Dex: 15 (16) Spells: 0 memorised, 11 levels left

rFire  . . .     SeeInvis .       - Unarmed
rCold  . . .     Gourm    +     (armour currently unavailable)
rNeg   + + +     Faith    .     (no shield)
rPois  +         Spirit   .     (helmet currently unavailable)
rElec  .         Reflect  .     (cloak currently unavailable)
rCorr  +         Harm     .     (gloves unavailable)
MR     .....     NoTele   +     (boots unavailable)
Stlth  ++........               (no amulet)
                                E - ring of resist corrosion
                                f - +4 ring of protection

@: tree-form
A: unfitting armour, (claws 0), deterioration 1, fast metabolism 3, gourmand,
regeneration 1, (shaggy fur 0), (tough skin 0)
a: no special abilities


You were on level 3 of the Lair of Beasts.
You were completely stuffed.
You were a tree.
You visited 3 branches of the dungeon, and saw 15 of its levels.

You collected 961 gold pieces.

Inventory:

Armour
 a - a +0 robe (melded)
 y - the +2 shield of Resistance {rF+ rC+ MR+}
   (You found it on level 5 of the Dungeon)

   It protects you from fire.
   It protects you from cold.
   It affects your resistance to hostile enchantments.
 B - a +1 cloak (melded)
Jewellery
 e - an uncursed ring of stealth
 f - a +4 ring of protection (left branch)
 v - a +4 ring of intelligence
 z - an uncursed ring of stealth
 E - a ring of resist corrosion (right branch)
Wands
 g - a wand of heal wounds (6/9)
 q - a wand of lightning (3/15)
 s - a wand of flame (8/48)
 D - a wand of slowing (12/48)
 I - a wand of slowing (26/48)
 N - a wand of polymorph (3/24)
Scrolls
 d - 3 scrolls of fear
 i - 7 scrolls of teleportation
 j - 6 scrolls of remove curse
 n - 8 scrolls of identify
 o - 4 scrolls of immolation
 r - 2 scrolls of amnesia
 t - a scroll of fog
 F - 2 scrolls of recharging {unknown}
 G - a scroll of enchant armour
 H - a scroll of acquirement {unknown}
 M - a scroll of random uselessness {unknown}
 P - a scroll of blinking {unknown}
Potions
 c - 2 potions of curing
 k - 2 potions of degeneration {unknown}
 m - a potion of resistance
 p - a potion of flight
 x - 2 potions of brilliance
 A - 2 potions of haste {unknown}
 J - a potion of cancellation {unknown}
 K - a potion of heal wounds
 L - 3 potions of agility {unknown}
Miscellaneous
 C - a lamp of fire
Comestibles
 b - 10 bread rations
 l - 5 meat rations
 u - 3 royal jellies
 w - 9 beef jerkies
 O - 4 chunks of flesh


   Skills:
 + Level 9.3 Fighting
 + Level 4.9 Dodging
 - Level 1.0 Stealth
 - Level 7.3 Shields
 * Level 14.2 Unarmed Combat


You had 11 spell levels left.
You didn't know any spells.

Dungeon Overview and Level Annotations

Branches:
Dungeon (11/15)            Temple (1/1) D:6            Lair (3/6) D:10
 Shoals (0/4) Lair:3          Orc (0/2) D:9
  Snake: Lair:2-4    Spider: Lair:2-4

Altars:
Ashenzari
Cheibriados
Dithmenos
Elyvilon
Fedhas
Gozag
Hepliaklqana
Kikubaaqudgha
Makhleb
Nemelex Xobeh
Okawaru
Qazlal
Ru
Sif Muna
Trog
Uskayaw
Vehumet
Xom
Yredelemnul
Zin
The Shining One

Shops:
D:4 *   D:7 [

Annotations:
Lair:2 Urug


Innate Abilities, Weirdness & Mutations

You are too large for most types of armour.
((You have claws for hands.))
Your metabolism is lightning-fast.
You like to eat raw meat.
Your natural rate of healing is unusually fast.
((You are covered in fur. (AC +1)))
((You have very tough skin. (AC +2)))
Your body sometimes deteriorates upon taking damage.


Message History

You pummel the death yak!!
The death yak is heavily wounded.
You cannot move.
You barely miss the death yak.
The death yak is heavily wounded.
You pummel the death yak!!
The death yak is severely wounded.
The death yak gores you!
* * * LOW HITPOINT WARNING * * *
The death yak gores you but does no damage.
You smack the death yak!
The death yak is almost dead.
The death yak gores you but does no damage.
The death yak gores you!
* * * LOW HITPOINT WARNING * * *
You barely miss the death yak.
You punch the death yak, but do no damage.
The death yak is almost dead.
The death yak gores you!
You die...

#.## ....
##..# # ....
.# ##..# ..Y
#...# ...#
#...# ....#
#.♣##......
##.YY......#
##P..####.P.#
#....#####. #
###........
##........
#P........
#.........
###........


You could see 2 death yaks.

Vanquished Creatures
  A minotaur (Lair:2)
  Erica (D:8)
  2 death yaks (Lair:3)
  3 hill giants (D:10)
  A siren (Lair:3)
  Maurice (D:8)
  A black mamba (Lair:1)
  6 spiny frogs
  A rime drake (Lair:1)
  3 komodo dragons
  A troll (D:10)
  A two-headed ogre (D:10)
  3 blink frogs (Lair:3)
  5 hippogriffs
  19 yaks
  4 fire bats (D:8)
  A basilisk (Lair:1)
  Grum (D:8)
  2 water moccasins (Lair:1)
  3 orc warriors
  A hell hound (D:8)
  A black bear (D:8)
  8 porcupines
  A sky beast (D:9)
  A phantom (D:7)
  7 wolves
  6 centaurs
  3 ogres
  A big kobold (D:10)
  Blork the orc (D:5)
  10 bullfrogs
  A wyvern skeleton (D:9)
  A wyvern zombie (D:8)
  4 scorpions
  4 killer bees (D:9)
  4 wights (D:9)
  A howler monkey (D:6)
  2 electric eels (D:10)
  2 crimson imps
  2 lava snakes (D:8)
  3 jellies
  9 hounds
  A gnoll shaman (D:6)
  10 orc priests
  A bullfrog skeleton (D:5)
  7 orc wizards
  4 iguanas
  5 worker ants
  A worker ant zombie (D:9)
  11 adders
  4 gnolls
  2 shadow imps
  An ooze (D:2)
  An adder skeleton (D:6)
  4 worms
  4 leopard geckos
  38 orcs
  3 giant cockroaches
  5 goblins
  6 hobgoblins
  11 jackals
  10 kobolds
  6 quokkas
  5 ball pythons
  10 bats
  7 frilled lizards
  2 jackal skeletons (D:5)
  A leopard gecko zombie (D:5)
  A quokka skeleton (D:5)
  A quokka zombie (D:8)
  9 rats
  A fire vortex (D:8)
305 creatures vanquished.

Vanquished Creatures (others)
  2 fire vortices (D:8)
  16 toadstools (Lair:2)
18 creatures vanquished.

Grand Total: 323 creatures vanquished

Notes
Turn   | Place    | Note
-------+----------+-------------------------------------------
     0 | D:1      | Jerry the Troll Monk began the quest for the Orb.
     0 | D:1      | Reached XP level 1. HP: 22/22 MP: 0/0
   379 | D:1      | Reached XP level 2. HP: 27/29 MP: 1/1
   917 | D:2      | Noticed a moth of wrath
   920 | D:2      | Found a bloodstained altar of Trog.
   931 | D:2      | Reached XP level 3. HP: 35/36 MP: 2/2
  1178 | D:2      | Reached XP level 4. HP: 45/45 MP: 3/3
  1194 | D:2      | Reached skill level 4 in Unarmed Combat
  1599 | D:3      | Reached XP level 5. HP: 47/53 MP: 4/4
  1941 | D:4      | Found Gozag's Platinum Reserve.
  1941 | D:4      | Found an opulent altar of Gozag.
  2009 | D:4      | Found a stormy altar of Qazlal.
  2018 | D:4      | Reached skill level 5 in Unarmed Combat
  2162 | D:4      | Found an ancient bone altar of Kikubaaqudgha.
  2320 | D:4      | Reached XP level 6. HP: 62/62 MP: 5/5
  2630 | D:4      | Found a burning altar of Makhleb.
  2630 | D:4      | Noticed a balrug
  2716 | D:5      | Entered Level 5 of the Dungeon
  2773 | D:5      | Noticed Blork the orc
  2780 | D:5      | Killed Blork the orc
  2873 | D:5      | Reached skill level 6 in Unarmed Combat
  2873 | D:5      | Reached XP level 7. HP: 69/70 MP: 6/6
  2963 | D:5      | Found a shattered altar of Ashenzari.
  2963 | D:5      | Found a shimmering altar of Xom.
  2963 | D:5      | Found a blossoming altar of Fedhas.
  2963 | D:5      | Found a radiant altar of Vehumet.
  3230 | D:6      | Reached skill level 1 in Shields
  3469 | D:6      | Reached skill level 7 in Unarmed Combat
  3475 | D:6      | Reached XP level 8. HP: 59/79 MP: 7/7
  3658 | D:6      | Reached skill level 5 in Fighting
  3880 | D:6      | Reached skill level 8 in Unarmed Combat
  3915 | D:6      | Found a staircase to the Ecumenical Temple.
  4036 | Temple   | Entered the Ecumenical Temple
  4637 | D:7      | Noticed a hippogriff
  4643 | D:7      | Gained mutation: Your body sometimes deteriorates upon taking damage. [potion of mutation]
  4643 | D:7      | Gained mutation: You are frail. (-10% HP) [potion of mutation]
  4643 | D:7      | Lost mutation: You are frail. (-10% HP) [potion of mutation]
  4652 | D:7      | Killed a hippogriff
  4767 | D:7      | Found a stormy altar of Qazlal.
  4814 | D:7      | Found Begre's Antique Armour Emporium.
  5471 | D:8      | Noticed Erica
  5472 | D:8      | Noticed Maurice
  5493 | D:8      | Reached XP level 9. HP: 75/89 MP: 8/8
  5535 | D:8      | Killed Erica
  5535 | D:8      | Reached skill level 9 in Unarmed Combat
  5714 | D:8      | Killed Maurice
  5714 | D:8      | Reached skill level 10 in Unarmed Combat
  5878 | D:8      | Noticed Grum
  5881 | D:8      | Reached XP level 10. HP: 68/100 MP: 9/9
  5906 | D:8      | Reached skill level 5 in Shields
  5926 | D:8      | HP: 5/100 [Grum/wand of flame (4)]
  5936 | D:8      | Killed Grum
  6435 | D:8      | Reached skill level 11 in Unarmed Combat
  6579 | D:8      | You fall through a shaft for 3 floors!
  6595 | D:10     | Entered Level 10 of the Dungeon
  7257 | D:9      | Found a shadowy altar of Dithmenos.
  7494 | D:9      | Reached skill level 12 in Unarmed Combat
  7500 | D:9      | Found a staircase to the Orcish Mines.
  7949 | D:10     | Noticed a hill giant
  7955 | D:10     | Killed a hill giant
  7955 | D:10     | Reached XP level 11. HP: 82/110 MP: 10/10
  8220 | D:10     | Found a staircase to the Lair.
  8398 | D:10     | Noticed a hill giant
  8411 | D:10     | Killed a hill giant
  8481 | D:10     | Noticed a hill giant
  8487 | D:10     | Killed a hill giant
  8665 | Lair:1   | Entered Level 1 of the Lair of Beasts
  8827 | Lair:1   | Reached skill level 13 in Unarmed Combat
 10049 | Lair:2   | Noticed a seven-headed hydra
 10052 | Lair:2   | Noticed a minotaur
 10052 | Lair:2   | a seven-headed hydra changed into a minotaur
 10059 | Lair:2   | Killed a minotaur
 10059 | Lair:2   | Reached XP level 12. HP: 36/122 MP: 11/11
 10325 | Lair:2   | Noticed Urug
 10447 | Lair:3   | Reached skill level 14 in Unarmed Combat
 10615 | Lair:3   | Found a staircase to the Shoals.
 10711 | Lair:3   | Noticed a death yak
 10722 | Lair:3   | Killed a death yak
 10724 | Lair:3   | Noticed a death yak
 10726 | Lair:3   | Noticed a death yak
 10734 | Lair:3   | Noticed a death yak
 10734 | Lair:3   | Killed a death yak
 10743 | Lair:3   | Slain by a death yak

Skill      XL: |  1  2  3  4  5  6  7  8  9 10 11 12 |
---------------+-------------------------------------+-----
Fighting       | 3 4 5 6 7 8 9 |  9.3
Unarmed Combat | 4 5 6 7 8 10 12 13 14 | 14.2
Dodging        | 3 4 |  4.9
Shields        | 1 3 4 6 7 |  7.3
Stealth        | |  1.0

Action                   |  1- 3 |  4- 6 |  7- 9 | 10-12 || total
-------------------------+-------+-------+-------+-------++-------
Melee: Unarmed           |    81 |   135 |   234 |   536 ||   986
       Punch             |     1 |     6 |    15 |    35 ||    57
Evoke: Wand              |       |       |       |     3 ||     3
  Use: Scroll            |       |       |    18 |       ||    18
       Potion            |       |       |     1 |     4 ||     5
 Stab: Sleeping          |       |     5 |    10 |     3 ||    18
  Eat: Chunk             |    15 |    13 |    26 |    50 ||   104
Armor: Robe              |    27 |    57 |    91 |   133 ||   308
       Skin              |       |       |       |     5 ||     5
Dodge: Dodged            |    39 |    71 |    95 |   235 ||   440
